 Dungeon Crawl Stone Soup version 0.19.0-11-g3fc08b3 (webtiles) character file.

5035 Gingerlord the Slasher (level 10, -6/118 HPs)
             Began as a Human Monk on Nov 8, 2016.
             Was a High Priest of Okawaru.
             Succumbed to Sonja's poison
             ... on level 10 of the Dungeon.
             The game lasted 00:24:41 (12395 turns).

Gingerlord the Slasher (Human Monk)                Turns: 12395, Time: 00:24:41

Health: -6/118     AC: 15    Str: 19    XL:     10   Next: 85%
Magic:  24/24      EV: 15    Int:  8    God:    Okawaru [*****.]
Gold:   512        SH:  4    Dex: 21    Spells: 0 memorised, 9 levels left

rFire  + + .     SeeInvis .     N - +1 falchion
rCold  . . .     Gourm    +     E - +0 scale mail
rNeg   . . .     Faith    .     O - +0 buckler (curse)
rPois  +         Spirit   .     J - +2 helmet
rElec  +         Reflect  .     (no cloak)
rCorr  +         Harm     .     g - +2 pair of gloves
MR     .....                    F - +0 pair of boots
Stlth  ..........               K - amulet of the gourmand
                                r - ring "Oveex" {Fire MP+9 Dex+4}
                                I - ring of flight

@: berserking (expiring), lethally poisoned (-6 -> -84), resistant, slowed
A: talons 1, blurry vision 1, dopey 1
a: Heroism, Finesse, Renounce Religion, Evoke Flight


You were on level 10 of the Dungeon.
You worshipped Okawaru.
Okawaru was extremely pleased with you.
You were full.

You visited 1 branch of the dungeon, and saw 10 of its levels.

You collected 512 gold pieces.

Inventory:

Hand Weapons
 N - a +1 falchion (weapon)
Armour
 g - a +2 pair of gloves (worn)
 E - a +0 scale mail (worn)
 F - a +0 pair of boots (worn)
 J - a +2 helmet (worn)
 L - a +0 chain mail
 O - a cursed +0 buckler (worn)
Jewellery
 i - an uncursed ring of stealth {unknown}
 r - the ring "Oveex" (right hand) {Fire MP+9 Dex+4}
   (You found it on level 7 of the Dungeon)

   [ring of fire]

   It enhances your fire magic.
   It affects your dexterity (+4).
   It protects you from fire.
   It makes you vulnerable to cold.
   It affects your magic capacity (+9).
 I - a ring of flight (left hand)
 K - an amulet of the gourmand (around neck)
 R - an uncursed amulet of magic regeneration {unknown}
Scrolls
 b - a scroll of identify
 h - 3 scrolls of enchant weapon {unknown}
 k - 4 scrolls of immolation {unknown}
 m - 3 scrolls of fear {unknown}
 n - a scroll of fog {unknown}
 t - a scroll of torment {unknown}
 u - a scroll of blinking
 w - 2 scrolls of teleportation {unknown}
 y - 4 scrolls of magic mapping
 z - 3 scrolls of remove curse
 D - 3 scrolls of recharging
 H - 2 scrolls of enchant armour {unknown}
 P - a scroll of amnesia {unknown}
 Q - a scroll of summoning {unknown}
Potions
 a - 3 potions of ambrosia {unknown}
 e - 2 potions of magic
 j - a potion of might
 o - a potion of resistance
 p - 2 potions of invisibility
 q - a potion of lignification
 x - a potion of haste
 A - 2 potions of flight
 M - a potion of cure mutation {unknown}
Comestibles
 c - 4 bread rations
 d - 4 meat rations
 f - 2 royal jellies
 l - 5 beef jerkies
 s - 2 fruits
 B - 9 slices of pizza


   Skills:
 + Level 7.4 Fighting
 + Level 7.8 Long Blades
 + Level 6.7 Armour
 + Level 7.5 Dodging
 - Level 2.0 Stealth
 + Level 0.4 Shields
 + Level 6.9 Invocations


You had 9 spell levels left.
You didn't know any spells.

Dungeon Overview and Level Annotations

Branches:
Dungeon (10/15)            Temple (0/1) D:5
   Lair: D:8-11         Orc: D:9-12

Altars:
Dithmenos
Gozag
Hepliaklqana
Okawaru

Annotations:
D:9 Sonja; tairseth's ghost, novice DrSk


Innate Abilities, Weirdness & Mutations

You have sharp toenails.
Scrolls take you a little longer to read.
You are dopey. (Int -2)


Message History

You are more poisoned.
Sonja hits you with an uncursed short sword of venom.
* * * LOW HITPOINT WARNING * * *
Sonja hits you but does no damage. Sonja closely misses you.
Sonja hits you but does no damage. Sonja closely misses you.
Sonja hits you but does no damage.
You are more poisoned.
Unknown command.
You slash Sonja!
Sonja is moderately wounded.
* * * LOW HITPOINT WARNING * * *
You feel extremely sick.
Sonja mumbles some strange words.
Sonja blinks!
* * * LOW HITPOINT WARNING * * *
You feel extremely sick.
Sonja says, "I'm academy-trained, you know."
You climb downwards.
You feel a strong urge to attack something.
You die...

.........######..#####
.........# #..# #.#
#..............# #..# #.#
#..............# #..# #.#
#..............# #..#######.#
#..............# #..........#
#..............######...........
#..............................)
#..............@................
#.......(....(.(####............
#...............# #)...........
#..........(...(# #............
#.....}.........# #............
#...............# #............
#...............)....†.#######.#
#......................# #.#
#.###...####...........# #†#


There were no monsters in sight!

Vanquished Creatures
  2 hippogriffs
  Sigmund (D:2)
  A wyvern (D:8)
  A yak (D:10)
  Eustachio (D:6)
  4 hogs (D:7)
  A human (D:7)
  A soldier ant (D:9)
  Edmund (D:6)
  A water moccasin (D:6)
  An ice beast (D:9)
  A necrophage (D:9)
  A black bear (D:6)
  4 sky beasts
  2 ogres
  4 centaurs
  4 bullfrogs
  A wyvern skeleton (D:7)
  4 scorpions (D:6)
  5 killer bees
  4 wights (D:9)
  2 crimson imps (D:7)
  3 hounds
  2 quasits
  A bullfrog zombie (D:5)
  A jelly (D:5)
  6 orc wizards
  A gnoll shaman (D:4)
  2 iguanas
  6 worker ants
  15 adders
  5 gnolls
  2 river rats (D:10)
  5 shadow imps
  An ooze (D:2)
  2 adder zombies (D:9)
  4 worms
  A dart slug (D:1)
  7 leopard geckos
  23 orcs
  7 giant cockroaches
  9 goblins
  8 hobgoblins
  12 jackals
  11 kobolds
  6 quokkas
  A ball python zombie (D:5)
  12 bats
  5 frilled lizards
  A jackal skeleton (D:9)
  2 quokka zombies
  16 rats
224 creatures vanquished.

Notes
Turn   | Place    | Note
-------+----------+-------------------------------------------
     0 | D:1      | Gingerlord the Human Monk began the quest for the Orb.
     0 | D:1      | Reached XP level 1. HP: 18/18 MP: 1/1
    77 | D:1      | Reached XP level 2. HP: 13/24 MP: 2/2
   327 | D:1      | Reached skill level 1 in Armour
   685 | D:1      | Reached XP level 3. HP: 29/29 MP: 3/3
  1071 | D:2      | Noticed Sigmund
  1111 | D:3      | Reached XP level 4. HP: 19/35 MP: 4/4
  1946 | D:2      | Found an opulent altar of Gozag.
  1946 | D:2      | Found a hazy altar of Hepliaklqana.
  1947 | D:2      | Found an iron altar of Okawaru.
  1957 | D:2      | Found a shadowy altar of Dithmenos.
  1969 | D:2      | Became a worshipper of Warmaster Okawaru
  1969 | D:2      | Reached * piety under Okawaru
  1969 | D:2      | Reached ** piety under Okawaru
  1973 | D:2      | Reached XP level 5. HP: 35/41 MP: 5/5
  2412 | D:2      | Killed Sigmund
  2412 | D:2      | Reached skill level 1 in Invocations
  2412 | D:2      | Reached XP level 6. HP: 38/48 MP: 4/7
  3136 | D:3      | Noticed a hippogriff
  3181 | D:3      | Killed a hippogriff
  3181 | D:3      | Reached XP level 7. HP: 8/55 MP: 5/8
  3189 | D:3      | Gained mutation: You are dopey. (Int -2) [potion of mutation]
  3189 | D:3      | Gained mutation: Scrolls take you a little longer to read. [potion of mutation]
  3189 | D:3      | Gained mutation: You have sharp toenails. [potion of mutation]
  4558 | D:4      | Reached *** piety under Okawaru
  4655 | D:4      | Reached skill level 5 in Long Blades
  4655 | D:4      | Reached XP level 8. HP: 60/61 MP: 10/10
  4795 | D:5      | Entered Level 5 of the Dungeon
  4981 | D:5      | Reached skill level 5 in Fighting
  5311 | D:5      | Found a staircase to the Ecumenical Temple.
  5755 | D:6      | Noticed Edmund
  5789 | D:6      | Killed Edmund
  5789 | D:6      | Reached skill level 5 in Dodging
  6435 | D:6      | Noticed Eustachio
  6468 | D:6      | Killed Eustachio
  6540 | D:6      | Found an opulent altar of Gozag.
  6677 | D:6      | Reached XP level 9. HP: 34/68 MP: 12/12
  7367 | D:6      | Reached skill level 5 in Armour
  7380 | D:6      | Reached **** piety under Okawaru
  7780 | D:7      | Reached skill level 5 in Invocations
  8384 | D:7      | Got a brightly glowing pewter ring
  8467 | D:7      | Reached XP level 10. HP: 13/77 MP: 14/14
  9495 | D:8      | Identified the ring "Oveex" {Fire MP+9 Dex+4} (You found it on level 7 of the Dungeon)
  9775 | D:9      | Received a gift from Okawaru
 10875 | D:9      | Noticed tairseth's ghost (novice DrSk)
 12046 | D:10     | Entered Level 10 of the Dungeon
 12119 | D:10     | Reached ***** piety under Okawaru
 12374 | D:10     | Noticed Sonja
 12394 | D:9      | HP: 2/118 [poisoned by Sonja]
 12395 | D:10     | Succumbed to Sonja's poison

Skill      XL: |  1  2  3  4  5  6  7  8  9 10 |
---------------+-------------------------------+-----
Armour         | 1 2 3 4 5 6 |  6.7
Fighting       | 4 5 6 7 |  7.4
Long Blades    | 4 5 6 7 |  7.8
Dodging        | 4 5 6 7 |  7.5
Invocations    | 1 2 3 4 5 6 |  6.9
Stealth        | |  2.0
Shields        | |  0.4

Action                   |  1- 3 |  4- 6 |  7- 9 | 10-12 || total
-------------------------+-------+-------+-------+-------++-------
Melee: Falchion          |    89 |   254 |   717 |   500 ||  1560
       Kick              |       |       |    58 |       ||    58
       Punch             |       |       |     6 |       ||     6
Invok: Heroism           |       |     3 |     4 |     4 ||    11
  Use: Potion            |       |     3 |     5 |     6 ||    14
       Scroll            |       |       |    14 |     1 ||    15
 Stab: Sleeping          |     4 |     2 |       |       ||     6
       Distracted        |       |     1 |       |       ||     1
  Eat: Chunk             |       |     7 |     5 |    20 ||    32
       Bread ration      |       |       |     3 |       ||     3
Armor: Robe              |    17 |       |       |       ||    17
       Ring mail         |    16 |   103 |    37 |       ||   156
       Scale mail        |       |       |   276 |   247 ||   523
       Skin              |       |       |     9 |       ||     9
Dodge: Dodged            |    94 |   215 |   403 |   393 ||  1105
Block: Buckler           |       |       |       |    17 ||    17
       Rpst.: Falchion   |    30 |    47 |   118 |   111 ||   306
